Map: World of Sleepers LE

Players

ViBE - Winner!

  • Race: Protoss Protoss
  • League: Diamond
  • Spawn Location: 7:00

SomewhatOdd

  • Race: Terran Terran
  • League: Diamond
  • Spawn Location: 1:00

VOD

Have the link to the VOD?

Description

Time

  • Played on: Dec. 14, 2019, 12:12 a.m.
  • Length: 16:57
Show
View Real Time Build Order
Export as new Build Order

ViBE Protoss - Winner!

Build Orders:  

Get SALT Encoding   

  12  0:01  Probe  
  13  0:14  Probe  
  14  0:22  Pylon  
  14  0:27  Probe  
  15  0:42  Gateway  
  15  0:44  Probe (Chrono Boost)  
  16  0:53  Assimilator  
  16  0:56  Probe (Chrono Boost)  
  17  1:03  Probe (Chrono Boost)  
  18  1:10  Probe  
  19  1:25  Probe  
  20  1:30  Cybernetics Core  
  20  1:37  Probe  
  21  1:49  Probe  
  21  1:50  Nexus  
  21  1:51  Pylon  
  22  1:57  Assimilator  
  22  2:01  Probe  
  22  2:07  Stalker (Chrono Boost)  
  23  2:13  Warp Gate  
  25  2:16  Probe  
  26  2:23  Pylon  
  26  2:28  Probe  
  27  2:40  Probe  
  28  2:52  Probe (Chrono Boost)  
  29  3:03  Probe (Chrono Boost), Robotics Facility  
  30  3:06  Gateway  
  30  3:07  Pylon  
  30  3:10  Probe x2 (Chrono Boost)  
  32  3:18  Sentry  
  36  3:20  Probe (Chrono Boost)  
  36  3:21  Probe (Chrono Boost)  
  37  3:29  Probe x2 (Chrono Boost)  
  37  3:34  Probe (Chrono Boost)  
  38  3:36  Probe  
  40  3:42  Assimilator  
  40  3:44  Probe, Assimilator  
  40  3:46  Pylon  
  40  3:48  Probe  
  42  3:57  Probe  
  42  4:00  Probe  
  44  4:09  Probe  
  45  4:12  Probe  
  45  4:13  Immortal  
  45  4:14  Stalker x2  
  53  4:21  Probe  
  54  4:24  Probe  
  55  4:33  Probe, Nexus  
  55  4:36  Probe  
  57  4:45  Probe, Pylon  
  58  4:48  Probe  
  58  4:52  Pylon  
  59  4:53  Twilight Council  
  59  4:55  Forge  
  59  4:57  Probe  
  60  5:00  Probe  
  61  5:09  Probe (Chrono Boost)  
  61  5:13  Probe (Chrono Boost)  
  63  5:16  Stalker  
  63  5:17  Stalker  
  63  5:19  Protoss Ground Weapons Level 1  
  68  5:21  Probe (Chrono Boost)  
  68  5:22  Blink (Chrono Boost)  
  68  5:24  Pylon, Immortal  
  68  5:25  Probe (Chrono Boost)  
  73  5:29  Probe (Chrono Boost)  
  73  5:32  Probe (Chrono Boost)  
  75  5:35  Probe  
  72  5:43  Probe, Stalker x2  
  72  5:46  Probe  
  72  5:48  Probe  
  79  5:55  Probe  
  80  5:58  Probe  
  80  6:00  Probe  
  82  6:06  Immortal  
  82  6:07  Probe, Stalker  
  82  6:08  Stalker  
  82  6:10  Probe  
  92  6:12  Probe  
  93  6:19  Nexus  
  93  6:21  Pylon  
  93  6:26  Probe x2  
  93  6:27  Assimilator  
  93  6:30  Assimilator  
  93  6:40  Stalker x2  
  93  6:41  Probe x3  
  93  6:45  Immortal  
  96  7:04  Gateway x2  
  96  7:05  Stalker x2  
  96  7:06  Probe x2, Gateway  
  96  7:07  Probe  
  103  7:09  Gateway  
  103  7:11  Gateway  
  103  7:12  Assimilator  
  103  7:18  Protoss Ground Weapons Level 2 (Chrono Boost)  
  103  7:21  Pylon  
  103  7:24  Pylon  
  103  7:25  Immortal  
  103  7:27  Stargate  
  107  7:35  Probe  
  107  7:36  Probe x2  
  110  7:39  Protoss Air Weapons Level 1 (Chrono Boost)  
  110  7:40  Charge  
  110  7:41  Stalker x2  
  110  7:42  Probe  
  115  7:48  Probe x2  
  117  7:54  Pylon  
  116  8:04  Stalker x3  
  116  8:05  Stalker x4  
  122  8:06  Immortal  
  122  8:10  Stargate  
  122  8:12  Robotics Facility  
  126  8:15  Probe x2  
  126  8:16  Probe  
  126  8:25  Nexus  
  126  8:28  Fleet Beacon  
  126  8:31  Stargate  
  126  8:45  Immortal  
  126  8:47  Zealot  
  126  8:48  Zealot  
  131  8:55  Probe x2  
  133  9:06  Pylon  
  133  9:09  Pylon  
  133  9:12  Pylon  
  133  9:14  Pylon  
  133  9:20  Pylon, Nexus  
  133  9:23  Pylon  
  133  9:24  Probe  
  133  9:25  Immortal  
  133  9:27  Immortal  
  142  9:32  Pylon, Templar Archives  
  142  9:38  Tempest x2  
  142  9:43  Tempest  
  157  9:57  Protoss Ground Weapons Level 3 (Chrono Boost)  
  157  10:04  Immortal  
  157  10:06  Immortal  
  165  10:09  Protoss Air Weapons Level 2 (Chrono Boost)  
  165  10:12  Zealot x3  
  165  10:13  Zealot x3  
  165  10:22  Nexus  
  155  10:40  Tempest x3  
  170  10:44  Observer  
  170  10:46  Observer  
  172  10:50  Assimilator  
  172  10:51  Assimilator  
  172  10:52  Probe x2  
  172  10:53  Probe x2  
  176  11:04  Probe x2  
  176  11:05  Probe  
  176  11:09  Immortal x2  
  176  11:10  High Templar  
  176  11:11  High Templar x3  
  193  11:14  Probe  
  193  11:16  Probe x2, Archon x2  
  193  11:17  Probe  
  199  11:29  Probe  
  200  11:36  Pylon  
  200  11:40  Photon Cannon  
  200  11:43  Photon Cannon  
  200  11:44  Photon Cannon, Shield Battery  
  200  11:47  Photon Cannon  
  200  11:49  Shield Battery  
  200  11:50  Photon Cannon  
  200  11:51  Photon Cannon  
  200  11:52  Shield Battery  
  200  11:53  Photon Cannon  
  200  11:55  Photon Cannon  
  200  11:57  Shield Battery  
  200  11:58  Photon Cannon  
  200  12:00  Photon Cannon  
  200  12:02  Shield Battery  
  198  12:20  High Templar x4  
  198  12:21  High Templar x2  
  200  12:24  Archon  
  200  12:25  Archon x2  
  184  12:49  Tempest x2  
  185  12:54  Gateway  
  185  12:56  Gateway  
  185  12:59  Gateway  
  185  13:05  Immortal x2  
  193  13:06  Gateway  
  193  13:07  Gateway  
  193  13:11  High Templar x3, Gateway  
  193  13:12  High Templar x4  
  199  13:13  Gateway  
  199  13:16  Gateway  
  199  13:18  Gateway  
  195  13:22  Gateway  
  187  13:28  Gateway  
  187  13:30  Gateway  
  187  13:32  Gateway  
  185  13:34  Gateway  
  185  13:37  Protoss Ground Armor Level 1 (Chrono Boost)  
  185  13:38  Nexus  
  185  13:39  Pylon  
  185  13:41  Pylon  
  185  13:43  Immortal (Chrono Boost)  
  185  13:44  Tempest x2  
  199  13:52  Immortal (Chrono Boost)  
  199  13:54  Protoss Air Weapons Level 3 (Chrono Boost)  
  198  14:01  Archon x3  
  193  14:28  Photon Cannon  
  193  14:31  Photon Cannon, Zealot x3  
  195  14:32  Probe, Shield Battery  
  195  14:38  Assimilator  
  200  14:42  Assimilator  
  196  14:46  Immortal  
  200  14:53  Robotics Facility  
  192  15:03  Zealot  
  192  15:04  Zealot x3  
  200  15:08  Nexus  
  200  15:09  Pylon  
  200  15:13  Pylon  
  200  15:16  Pylon  
  200  15:21  Photon Cannon  
  200  15:23  Photon Cannon  
  200  15:24  Photon Cannon  
  200  15:26  Photon Cannon  
  200  15:28  Photon Cannon  
  200  15:30  Photon Cannon  
  200  15:31  Shield Battery  
  200  15:36  Shield Battery  
  200  15:38  Shield Battery  
  184  15:59  Zealot x5  
  184  16:00  Zealot  
  184  16:01  Zealot x3  
  197  16:17  Zealot  
  197  16:18  Zealot x2  
  179  16:19  Zealot x4  
  179  16:20  Zealot x5  
  179  16:21  Zealot x3  
  179  16:23  Zealot x2  
  199  16:27  Zealot  
  195  16:33  Nexus  
  195  16:45  Nexus  
  196  16:52  Pylon  
  199  16:54  Pylon  
Show
View Real Time Build Order
Export as new Build Order

SomewhatOdd Terran 

Build Orders: 2 Factory, Reaper Expand 

Get SALT Encoding   

  12  0:01  SCV  
  13  0:13  SCV  
  14  0:17  Supply Depot  
  14  0:25  SCV  
  15  0:38  SCV  
  15  0:39  Barracks  
  16  0:49  Refinery  
  16  0:51  SCV  
  17  1:03  SCV  
  18  1:15  SCV  
  19  1:30  Orbital Command  
  19  1:33  Reaper  
  20  1:40  Command Center  
  20  1:54  Supply Depot  
  20  1:57  Bunker  
  20  1:58  SCV  
  21  2:11  Marine  
  21  2:12  SCV  
  23  2:18  Factory  
  23  2:23  Refinery  
  23  2:24  SCV  
  24  2:32  Marine  
  25  2:42  SCV  
  26  2:54  SCV, Orbital Command  
  26  3:03  Factory Tech Lab  
  26  3:07  SCV  
  26  3:12  Factory  
  27  3:15  Marine  
  28  3:20  SCV  
  28  3:23  SCV  
  28  3:25  Cyclone  
  33  3:32  SCV  
  33  3:33  Marine, Mag-Field Accelerator  
  35  3:35  SCV  
  35  3:36  Supply Depot  
  36  3:44  SCV  
  36  3:47  SCV  
  38  3:55  Factory Tech Lab  
  38  3:56  SCV  
  38  3:57  Cyclone  
  38  3:59  SCV  
  43  4:08  SCV  
  44  4:10  Refinery  
  44  4:11  SCV  
  44  4:13  Refinery  
  44  4:14  Cyclone  
  48  4:20  SCV  
  48  4:22  Supply Depot  
  48  4:23  SCV  
  50  4:32  SCV  
  50  4:35  SCV, Command Center  
  52  4:44  SCV, Cyclone  
  56  4:47  SCV  
  57  4:56  Factory  
  57  5:11  Cyclone  
  60  5:15  SCV x2  
  62  5:21  Supply Depot  
  62  5:22  Supply Depot  
  62  5:24  Armory  
  62  5:28  Factory  
  62  5:30  Cyclone  
  65  5:44  Factory Reactor, Cyclone  
  65  5:46  SCV x2  
  70  5:58  SCV  
  70  6:04  Cyclone  
  74  6:12  SCV x2  
  74  6:13  Starport  
  74  6:18  Supply Depot  
  76  6:19  Supply Depot  
  76  6:24  SCV x2  
  75  6:43  Cyclone, Hellion x2  
  75  6:44  Cyclone, Factory Tech Lab  
  85  6:58  SCV x2  
  85  6:59  Orbital Command  
  89  7:08  Hellion  
  89  7:09  Hellion  
  89  7:11  Starport Tech Lab  
  89  7:13  Refinery  
  91  7:16  Starport  
  91  7:18  Terran Ship Weapons Level 1, Refinery  
  91  7:20  Factory  
  91  7:22  Cyclone x2  
  97  7:23  SCV x2, Cyclone  
  97  7:28  SCV  
  103  7:35  SCV x2  
  105  7:37  Factory  
  105  7:40  SCV  
  105  7:41  Hellion  
  105  7:42  Hellion  
  110  7:47  SCV  
  110  7:48  SCV  
  110  7:50  Command Center  
  105  8:06  Cyclone x3  
  105  8:07  Hellion  
  115  8:20  Hellion  
  115  8:27  Factory Tech Lab  
  111  8:28  Hellion  
  111  8:29  Infernal Pre-Igniter  
  113  8:35  Factory Reactor  
  113  8:38  Cyclone  
  116  8:51  Cyclone  
  116  8:53  Cyclone  
  116  9:02  Cyclone, Hellion x2  
  123  9:08  Supply Depot  
  123  9:09  Supply Depot  
  123  9:10  SCV x2, Cyclone  
  123  9:13  Supply Depot x2  
  123  9:16  SCV  
  129  9:18  Orbital Command  
  129  9:22  SCV, Hellion x2  
  129  9:23  SCV  
  129  9:24  Widow Mine x2, Hellion  
  141  9:25  Widow Mine  
  141  9:27  Raven, Starport Tech Lab  
  141  9:28  Command Center  
  141  9:29  Cloaking Field  
  145  9:50  Factory  
  145  9:59  Command Center  
  145  10:01  Hellion x4  
  145  10:02  Widow Mine x4  
  161  10:08  Refinery  
  134  10:23  Cyclone, Siege Tank  
  126  10:30  Hellion x2  
  126  10:31  Cyclone, Hellion x2  
  126  10:32  Cyclone  
  137  10:49  Raven, Banshee  
  142  10:55  SCV, Cyclone  
  142  10:56  SCV x3  
  149  10:57  Hellion x3  
  149  10:58  Hellbat  
  157  11:08  SCV, Cyclone x3  
  167  11:13  Orbital Command  
  167  11:17  Refinery  
  167  11:22  Terran Vehicle And Ship Armor Level 1  
  167  11:23  Factory Tech Lab  
  167  11:24  Armory  
  167  11:32  Supply Depot  
  167  11:35  Raven  
  169  11:50  Cyclone x2, Hellion  
  169  11:51  Cyclone, Hellion x3  
  186  11:56  Supply Depot  
  161  12:20  Banshee  
  161  12:21  Viking  
  147  12:24  Cyclone x3, Hellion x4  
  147  12:25  Cyclone, Hellion  
  138  12:45  Widow Mine, Hellion  
  138  12:46  Widow Mine  
  138  12:51  Cyclone, Viking, Hellion  
  143  12:56  Cyclone  
  143  12:57  Hellion  
  113  13:13  Viking  
  113  13:17  Cyclone  
  113  13:18  Cyclone x2  
  104  13:23  Cyclone  
  95  13:30  Viking  
  89  13:34  Siege Tank  
  89  13:36  Hellion x4  
  90  13:50  Cyclone x2, Siege Tank  
  99  13:55  Hellion  
  101  14:03  Hellion x4  
  101  14:07  Cyclone  
  110  14:10  SCV x3  
  110  14:16  Cyclone  
  116  14:22  SCV, Cyclone, Hellion  
  116  14:24  Orbital Command  
  122  14:28  Refinery  
  122  14:30  Hellion x3  
  130  14:38  Hellion  
  119  14:59  Cyclone x2  
  123  15:00  Cyclone x3, Hellion x2  
  123  15:01  Hellion  
  123  15:03  Viking x2  
  142  15:25  SCV x4  
  142  15:27  Hellion  
Tags
 
Add a new tag
Caveats
  • Supply blocks, unpowered buildings, or Contaminate may cause inaccurate times.
  • Supply counts are checked every 10 seconds.